 Dungeon Crawl Stone Soup version 0.19.5 (webtiles) character file.

278 equalderp2856 the Shield-Bearer (level 6, -8/47 HPs)
             Began as a Mummy Fighter on Mar 30, 2017.
             Killed from afar by Blork the orc (15 damage)
             ... with a puff of flame
             ... on level 4 of the Dungeon.
             The game lasted 00:06:55 (3178 turns).

equalderp2856 the Shield-Bearer (Mummy Fighter)     Turns: 3178, Time: 00:06:55

Health: -8/47      AC:  6    Str: 21    XL:     6   Next: 5%
Magic:  6/6        EV:  8    Int:  7    God:
Gold:   126        SH:  9    Dex: 12    Spells: 0 memorised, 5 levels left

rFire  x . .     SeeInvis .     a - +0 long sword
rCold  + . .     Gourm    .     b - +0 scale mail
rNeg   + + +     Faith    .     c - +0 shield
rPois  ∞         Spirit   .     (no helmet)
rElec  .         Reflect  .     (no cloak)
rCorr  .         Harm     .     (no gloves)
MR     .....                    (no boots)
Stlth  ..........               (no amulet)
                                (no ring)
                                (no ring)

@: no status effects
A: no food or potions, fire vulnerability, cold resistance 1, negative energy
resistance 3, torment resistance, unbreathing
a: no special abilities


You were on level 4 of the Dungeon.
You were not hungry.

You visited 1 branch of the dungeon, and saw 4 of its levels.

You collected 126 gold pieces.

Inventory:

Hand Weapons
 a - a +0 long sword (weapon)
 d - a +0 arbalest
 l - a +0 dagger
 q - a cursed -1 hunting sling
Missiles
 m - 20 poisoned needles
 r - 51 stones (quivered)
Armour
 b - a +0 scale mail (worn)
 c - a +0 shield (worn)
 k - a +0 robe
 p - a +1 plate armour
Jewellery
 f - a +4 ring of strength
Wands
 j - a wand of random effects (22/48)
Scrolls
 n - a scroll of remove curse
 o - a scroll of identify
Books
 h - a book of Cantrips

   Spells                             Type                      Level
   a - Confusing Touch                Hexes                        1
   b - Animate Skeleton               Necromancy                   1
   c - Summon Small Mammal            Summoning                    1
   d - Apportation                    Translocation                1
 i - a book of Necromancy

   Spells                             Type                      Level
   a - Pain                           Necromancy                   1
   b - Animate Skeleton               Necromancy                   1
   c - Vampiric Draining              Necromancy                   3
   d - Regeneration                   Charms/Necromancy            3
   e - Animate Dead                   Necromancy                   4
   f - Control Undead                 Necromancy                   4


   Skills:
 + Level 3.4 Fighting
 + Level 3.3 Long Blades
 + Level 3.1 Armour
 + Level 1.4 Dodging
 + Level 0.1 Stealth
 + Level 3.5 Shields


You had 5 spell levels left.
You didn't know any spells.

Dungeon Overview and Level Annotations

Branches:
Dungeon (4/15)
 Temple: D:4-7

Altars:
Xom

Annotations:
D:3 1 runed door, Sigmund
D:4 Blork the orc


Innate Abilities, Weirdness & Mutations

You do not eat or drink.
Your flesh is vulnerable to fire.
You are immune to poison.
Your flesh is cold resistant. (rC+)
You are immune to negative energy. (rN+++)
You are immune to unholy pain and torment.
You can survive without breathing.


Message History

You block Blork the orc's attack.
As you read the scroll labeled BYGACI COPH, it crumbles to dust.
It is a scroll of identify.
f - a +4 ring of strength You block Blork the orc's attack.
Blork the orc screams, "I'll crush all your ribs!
One by one!"
You block Blork the orc's attack.
Okay, then.
You block Blork the orc's attack. Blork the orc barely misses you.
You riposte.
You hit Blork the orc.
Blork the orc is moderately wounded.
Unknown command.
Blork the orc casts a spell at you. The magic dart hits you!
Blork the orc looks encouraged for a moment.
Unknown command.
Blork the orc closely misses you.
Blork the orc points at you and mumbles some strange words.
The puff of flame hits you! The fire burns you terribly!
You die...

### ###########.###
...........<..#
###########.#.#
#.........#.#
#o#########.#
#.#########.#
#@#.......#.#
####+###.#.#####.#.#
....(..#.#.# #...#
.....(.#.#.# #####
.......#.#.#
.......'.#.####.###
.......###.........
.......'†{.####....
.......###.# #


You could see Blork the orc.

Vanquished Creatures
  2 jellies (D:2)
  A bullfrog skeleton (D:4)
  Jessica (D:3)
  Ijyb (D:3)
  Robin (D:3)
  2 adders
  2 worms (D:2)
  3 dart slugs
  2 leopard geckos
  6 orcs (D:3)
  3 ball pythons
  8 bats
  17 goblins
  8 hobgoblins
  An iguana (D:2)
  4 jackals (D:1)
  4 frilled lizards (D:2)
  4 giant cockroaches
  7 kobolds
  7 rats
84 creatures vanquished.

Notes
Turn   | Place    | Note
-------+----------+-------------------------------------------
     0 | D:1      | equalderp2856 the Mummy Fighter began the quest for the Orb.
     0 | D:1      | Reached XP level 1. HP: 18/18 MP: 1/1
   112 | D:1      | Reached XP level 2. HP: 24/24 MP: 2/2
   340 | D:1      | Reached XP level 3. HP: 26/29 MP: 3/3
   969 | D:2      | Found a shimmering altar of Xom.
  1127 | D:2      | Reached XP level 4. HP: 18/35 MP: 4/4
  1618 | D:3      | Reached XP level 5. HP: 38/41 MP: 5/5
  1661 | D:3      | Found a runed door.
  1713 | D:3      | Noticed Sigmund
  1719 | D:3      | Noticed Jessica
  2012 | D:3      | Noticed Ijyb
  2054 | D:3      | Killed Ijyb
  2060 | D:3      | Killed Jessica
  2403 | D:2      | Reached skill level 1 in Dodging
  2570 | D:3      | Noticed Robin
  2579 | D:3      | Killed Robin
  2894 | D:4      | Reached XP level 6. HP: 18/47 MP: 6/6
  3100 | D:4      | Noticed Blork the orc
  3178 | D:4      | Killed from afar by Blork the orc

Skill      XL: |  1  2  3  4  5 |
---------------+----------------+-----
Long Blades    | 2 3 |  3.3
Shields        | 3 |  3.5
Armour         | 3 |  3.1
Dodging        | 1 |  1.4
Fighting       | |  3.4
Stealth        | |  0.1

Action                   |  1- 3 |  4- 6 || total
-------------------------+-------+-------++-------
Melee: Long sword        |   159 |   180 ||   339
  Use: Scroll            |       |     5 ||     5
Armor: Scale mail        |    81 |   100 ||   181
Dodge: Dodged            |    55 |    76 ||   131
Block: Shield            |    67 |   129 ||   196
       Rpst.: Long sword |    13 |    22 ||    35
